 Dungeon Crawl Stone Soup version 0.31-a0-193-gdfe2569204 (webtiles) character file.

Game seed: 17153044501610425944

1322 qw the Skirmisher (level 8, -1/46 HPs)
             Began as a Deep Elf Hunter on June 24, 2023.
             Slain by an orc warrior
             ... wielding a +1 heavy dire flail
              (10 damage)
             ... on level 6 of the Dungeon.
             The game lasted 00:01:59 (3849 turns).

qw the Skirmisher (Deep Elf Hunter)                 Turns: 3849, Time: 00:02:00

Health: -1/46      AC: 13    Str: 15    XL:     8   Next: 33%
Magic:  10/10      EV: 14    Int: 15    God:
Gold:   167        SH:  0    Dex: 18    Spells: 7/7 levels left

rFire   + + .        Y - +0 shortbow
rCold   . . .        (shield currently unavailable)
rNeg    . . .        d - +3 leather armour "Zeam" {rElec rF++ SInv}
rPois   .            h - +2 helmet
rElec   +            e - scarf {repulsion}
rCorr   .            i - +1 pair of gloves of the Gusle {rElec Str+5}
SInv    +            c - +1 pair of boots
Will    .....        (no amulet)
Stlth   ++           (no ring)
HPRegen 0.27/turn    (no ring)
MPRegen 0.12/turn

%: repel missiles
@: no status effects
A: no striking features
a: no special abilities


You were on level 6 of the Dungeon.
You visited 1 branch of the dungeon, and saw 6 of its levels.

You collected 167 gold pieces.


   Skills:
 - Level 3.0 Fighting
 + Level 12.2 Ranged Weapons
 - Level 1.0 Armour
 - Level 5.5 Dodging
 - Level 1.2 Stealth


You had 7 spell levels left.
You didn't know any spells.
Your spell library was empty.

Inventory:

Hand Weapons
 Y - a +0 shortbow (weapon)
Armour
 c - a +1 pair of boots (worn)
 d - the +3 leather armour "Zeam" (worn) {rElec rF++ SInv}
   (You found it on level 2 of the Dungeon)

   rF:        It greatly protects you from fire.
   rElec:     It insulates you from electricity.
   SInv:      It lets you see invisible.
 e - a scarf of repulsion (worn)
 h - a +2 helmet (worn)
 i - the +1 pair of gloves of the Gusle (worn) {rElec Str+5}
   (You found it on level 3 of the Dungeon)

   Str:       It affects your strength (+5).
   rElec:     It insulates you from electricity.
Jewellery
 b - an amulet of guardian spirit
 g - an amulet of reflection
Scrolls
 a - a scroll of identify
 m - a scroll of enchant weapon {unknown}
 n - a scroll of teleportation {unknown}
Potions
 f - a potion of mutation {unknown}
 j - a potion of lignification {unknown}
 k - a potion of haste {unknown}
 l - a potion of attraction {unknown}

Dungeon Overview and Level Annotations

Branches:
Dungeon (6/15)
 Temple: D:4-7

Altars:
Elyvilon
Makhleb
Ru
Vehumet
The Shining One

Shops:
D:4 =


Message History

You shoot an arrow.
The arrow hits the orc warrior but does no damage.
The orc warrior is almost dead.
The orc wizard barely misses you. The orc warrior misses you.
You shoot an arrow.
The arrow hits the orc warrior but does no damage.
The orc warrior is severely wounded.
The orc wizard points at you and mumbles some strange words.
The puff of flame misses you.
You shoot an arrow. The arrow hits the orc warrior.
The orc warrior is almost dead.
The orc warrior misses you. The orc wizard barely misses you.
You shoot an arrow.
The arrow hits the orc warrior but does no damage.
The orc warrior is almost dead.
The orc wizard hits you but does no damage.
The orc warrior closely misses you.
You shoot an arrow.
The arrow barely misses the orc warrior.
The orc wizard hits you with a +0 dagger.
You shoot an arrow.
The arrow hits the orc warrior but does no damage.
The orc warrior is almost dead.
The orc warrior barely misses you.
You shoot an arrow.
The arrow barely misses the orc warrior.
The orc wizard hits you but does no damage.
You shoot an arrow.
The arrow barely misses the orc warrior.
The orc wizard casts a spell at you.
You easily resist.
The orc warrior hits you with a +1 heavy dire flail!!
You shoot an arrow.
The arrow hits the orc warrior but does no damage.
The orc warrior is almost dead.
The orc wizard hits you but does no damage.
You shoot an arrow.
The arrow closely misses the orc warrior.
The orc warrior hits you with a +1 heavy dire flail!
You die...

. .. # .# # .. # .## . #
..# ....#### ..# .......
########).##.# ..#.####
......o@.....# ......#.
......#o#.#### #...
#####.#.# .. #.###. #.#.#
## # #..... #.#.# #.#####.
#.#.# #....... #.#.#
#.#.###)
#######.#.#########.......
#.........................


You could see an orc warrior and an orc wizard (invisible).

Vanquished Creatures
  Grinder (D:3)
  An ice beast (D:6)
  An ogre (D:6)
  A phantom (D:6)
  A scorpion (D:5)
  4 wights (D:6)
  A hound (D:6)
  A jelly (D:5)
  4 orc priests
  A gnoll bouda (D:4)
  An iguana (D:6)
  3 sleepcaps
  3 orc wizards
  4 gnolls (D:4)
  6 adders
  A white imp (D:6)
  An ufetubus (D:4)
  2 worms
  4 dart slugs
  15 orcs
  4 ball pythons
  3 endoplasms
  4 giant cockroaches
  7 goblins
  9 hobgoblins
  8 jackals
  3 quokkas
  3 bats
  2 frilled lizards (D:1)
  6 kobolds
  4 rats
109 creatures vanquished.

Vanquished Creatures (others)
  A butterfly (D:3)
1 creature vanquished.

Grand Total: 110 creatures vanquished

Notes
Turn   | Place    | Note
-------+----------+-------------------------------------------
     0 | D:1      | qw the Deep Elf Hunter began the quest for the Orb.
     0 | D:1      | Reached XP level 1. HP: 12/12 MP: 3/3
     0 | D:1      | 0 ||| qw: Version: 0.3-a-9-g12657ce
     0 | D:1      | 0 ||| qw: Game counter: 4705
     0 | D:1      | 0 ||| qw: Always use a shield: true
     0 | D:1      | 0 ||| qw: God list: Okawaru
     0 | D:1      | 0 ||| qw: Allow faded altars: false
     0 | D:1      | 0 ||| qw: Do Orc after D:15 true
     0 | D:1      | 0 ||| qw: Do second Lair branch before Depths: true
     0 | D:1      | 0 ||| qw: Lair rune preference: random
     0 | D:1      | 0 ||| qw: Plans: Normal
     0 | D:1      | 0 ||| PLANNING D:1-11
    23 | D:1      | 23 ||| FLEEEEING.
    24 | D:1      | 24 ||| FLEEEEING.
    25 | D:1      | 25 ||| FLEEEEING.
    26 | D:1      | 26 ||| FLEEEEING.
   216 | D:1      | Reached skill level 6 in Ranged Weapons
   216 | D:1      | Reached XP level 2. HP: 16/16 MP: 4/4
   649 | D:1      | 649 ||| UPGRADING to scarf of repulsion.
   654 | D:1      | 654 ||| UPGRADING to +2 helmet.
   659 | D:1      | 659 ||| UPGRADING to +0 ring mail.
   669 | D:1      | 669 ||| DROPPING +0 leather armour.
   670 | D:1      | 670 ||| READING scroll labelled COICYBU BAOBO.
   671 | D:1      | 671 ||| READING scroll labelled CES GEROPHU.
   672 | D:1      | 672 ||| READING scroll labelled BEPHICOSAI.
   673 | D:1      | 673 ||| DROPPING scroll of butterflies.
   707 | D:2      | Reached XP level 3. HP: 20/20 MP: 5/5
   767 | D:2      | Reached skill level 7 in Ranged Weapons
  1009 | D:2      | Identified the +3 leather armour "Zeam" {rElec rF++ SInv}
  1198 | D:2      | 1198 ||| UPGRADING to +3 leather armour "Zeam" {rElec rF++
                  | SInv}.
  1208 | D:2      | 1208 ||| DROPPING +0 ring mail.
  1209 | D:2      | 1209 ||| READING scroll labelled SOTHEO DICSA.
  1210 | D:2      | 1210 ||| READING scroll labelled EXKU ISEAKA.
  1211 | D:2      | 1211 ||| READING scroll labelled IGUNIENEYT.
  1212 | D:2      | 1212 ||| READING 2 scrolls of identify.
  1212 | D:2      | 1212 ||| IDENTIFYING glowing grey potion
  1280 | D:3      | Found a radiant altar of Vehumet.
  1327 | D:3      | Found a sacrificial altar of Ru.
  1383 | D:3      | Noticed Grinder
  1392 | D:3      | Paralysed by Grinder for 4 turns
  1400 | D:3      | Killed Grinder
  1401 | D:3      | Reached skill level 9 in Ranged Weapons
  1401 | D:3      | Reached XP level 4. HP: 18/25 MP: 6/6
  1401 | D:3      | Reached XP level 5. HP: 21/29 MP: 7/7
  1401 | D:3      | Reached XP level 6. HP: 25/34 MP: 8/8
  1470 | D:3      | Identified the +1 pair of gloves of the Gusle {rElec Str+5}
  1587 | D:3      | Found a white marble altar of Elyvilon.
  1763 | D:3      | 1763 ||| UPGRADING to +1 pair of gloves of the Gusle {rElec
                  | Str+5}.
  1768 | D:3      | 1768 ||| READING scroll labelled DIYSSU TOYSIONAUNY.
  1770 | D:3      | 1770 ||| Stepping ~*~*~tactically~*~*~ (cloud).
  1858 | D:4      | Reached skill level 3 in Dodging
  2001 | D:4      | 2001 ||| FLEEEEING.
  2003 | D:4      | 2003 ||| FLEEEEING.
  2004 | D:4      | 2004 ||| FLEEEEING.
  2005 | D:4      | 2005 ||| FLEEEEING.
  2006 | D:4      | 2006 ||| FLEEEEING.
  2007 | D:4      | 2007 ||| FLEEEEING.
  2008 | D:4      | 2008 ||| FLEEEEING.
  2009 | D:4      | 2009 ||| FLEEEEING.
  2010 | D:4      | 2010 ||| FLEEEEING.
  2011 | D:4      | 2011 ||| FLEEEEING.
  2012 | D:4      | 2012 ||| FLEEEEING.
  2014 | D:4      | 2014 ||| FLEEEEING.
  2015 | D:4      | 2015 ||| FLEEEEING.
  2016 | D:4      | 2016 ||| FLEEEEING.
  2017 | D:4      | 2017 ||| FLEEEEING.
  2041 | D:4      | 2041 ||| FLEEEEING.
  2042 | D:4      | 2042 ||| FLEEEEING.
  2043 | D:4      | 2043 ||| FLEEEEING.
  2044 | D:4      | 2044 ||| FLEEEEING.
  2045 | D:4      | 2045 ||| FLEEEEING.
  2051 | D:4      | 2051 ||| FLEEEEING.
  2052 | D:4      | 2052 ||| FLEEEEING.
  2076 | D:4      | Reached skill level 10 in Ranged Weapons
  2239 | D:4      | Found Cof Ylly's Jewellery Shop.
  2244 | D:4      | 2244 ||| SHOPLISTING +6 ring of strength (396 gold, have
                  | 130).
  2244 | D:4      | 2244 ||| SHOPLISTING ring of ice (275 gold, have 130).
  2244 | D:4      | 2244 ||| SHOPLISTING ring of see invisible (165 gold, have
                  | 130).
  2251 | D:4      | Found a glowing golden altar of the Shining One.
  2815 | D:4      | 2815 ||| UPGRADING to +1 pair of boots.
  2820 | D:4      | 2820 ||| READING 2 scrolls of identify.
  2820 | D:4      | 2820 ||| IDENTIFYING fuming grey potion
  2821 | D:4      | 2821 ||| DROPPING potion of invisibility.
  2827 | D:5      | Entered Level 5 of the Dungeon
  2844 | D:5      | Reached XP level 7. HP: 40/40 MP: 9/9
  2856 | D:5      | 2856 ||| DRINKING potion of curing.
  2856 | D:5      | 2856 ||| (to cure confusion)
  2945 | D:5      | 2945 ||| Stepping ~*~*~tactically~*~*~ (outnumbered).
  2959 | D:5      | Reached skill level 11 in Ranged Weapons
  3152 | D:5      | Reached skill level 1 in Armour
  3153 | D:5      | You fall into a shaft and drop 1 floor!
  3179 | D:6      | 3179 ||| PLANNING OSSUARY
  3256 | D:6      | 3256 ||| FLEEEEING.
  3292 | D:6      | Reached skill level 12 in Ranged Weapons
  3318 | D:6      | Reached XP level 8. HP: 19/44 MP: 10/10
  3514 | D:6      | Found a burning altar of Makhleb.
  3538 | D:6      | Reached skill level 3 in Fighting
  3835 | D:6      | 3835 ||| RIP OSSUARY
  3836 | D:6      | 3836 ||| PLANNING D:1-11
  3847 | D:6      | HP: 9/46 [orc warrior/+1 heavy dire flail (19)]
  3849 | D:6      | Slain by an orc warrior

Levels and vault maps discovered:
D:1:      minmay_arrival_wavy_path, layout_basic, minmay_hexomino_f4
D:2:      layout_basic, serial_park_tiny_1
D:3:      layout_rooms, mainiacjoe_overflow_surrounded_room,
          mainiacjoe_overflow_boulevard, nicolae_elyvilon_peaceful_grove,
          minmay_misc_feat_secret_circle, minmay_misc_feat_nine_boxes,
          uniq_grinder
D:4:      layout_basic, lemuel_doored_altar, serial_shops,
          nicolae_shop_hallway_stairs
D:5:      layout_basic, nemelex_dance_club_becter, uniq_sigmund
D:6:      layout_basic, bloody_makhleb, lightli_ossuary_entry_decrepit_ruins

Skill      XL: |  1  2  3  4  5  6  7  8 |
---------------+-------------------------+-----
Ranged Weapons | 6 9 10 12 | 12.2
Dodging        | 4 5 |  5.5
Fighting       | 2 3 |  3.0
Armour         | 1 |  1.0
Stealth        | |  1.2

Action                     |  1- 3 |  4- 6 |  7- 9 || total
---------------------------+-------+-------+-------++-------
   Fire: Shortbow          |   136 |   123 |   221 ||   480
    Use: Scroll            |     7 |     2 |       ||     9
         Potion            |       |       |     1 ||     1
 Armour: Leather armour    |     6 |     8 |    36 ||    50
         Ring mail         |    10 |       |       ||    10
  Dodge: Dodged            |    27 |    32 |    68 ||   127
         Repelled          |     1 |       |     1 ||     2

Table legend:
 A = Non-vault XP
 B = Vault XP
 C = Vault XP percentage of total XP
 D = Non-vault monster count
 E = Vault monster count
 F = Vault count percentage of total count
                 A         B        C        D         E       F
            +---------+---------+-------+---------+---------+-------
      Total |    1596 |     293 |  15.5 |     106 |       3 |   2.8
            +---------+---------+-------+---------+---------+-------
        D:1 |      36 |       3 |   7.7 |      20 |       2 |   9.1
        D:2 |      50 |       0 |   0.0 |      21 |       0 |   0.0
        D:3 |      12 |     290 |  96.0 |       4 |       1 |  20.0
        D:4 |     296 |       0 |   0.0 |      27 |       0 |   0.0
        D:5 |     312 |       0 |   0.0 |      15 |       0 |   0.0
        D:6 |     890 |       0 |   0.0 |      19 |       0 |   0.0
            +---------+---------+-------+---------+---------+-------
